 Dungeon Crawl Stone Soup version 0.21-a0-265-gb353147 (webtiles) character file.

387 tilp the Firebug (level 6, -10/45 HPs)
             Began as a Hill Orc Fire Elementalist on Sept 10, 2017.
             Mangled by an ogre
             ... wielding a cursed -3 giant club
              (15 damage)
             ... on level 4 of the Dungeon.
             The game lasted 00:10:53 (4461 turns).

tilp the Firebug (Hill Orc Fire Elementalist)       Turns: 4461, Time: 00:10:54

Health: -10/45     AC:  3    Str: 11    XL:     6   Next: 78%
Magic:  1/10       EV: 12    Int: 17    God:
Gold:   88         SH:  0    Dex: 13    Spells: 5/11 levels left

rFire    . . .     SeeInvis .   D - +2 dagger (venom)
rCold    . . .     Gourm    .   (no shield)
rNeg     . . .     Faith    .   a - +0 robe
rPois    .         Spirit   .   (no helmet)
rElec    .         Reflect  .   u - +0 cloak
rCorr    .         Harm     .   (no gloves)
MR       .....                  (no boots)
Stlth    ++........             (no amulet)
HPRegen  0.00/turn              (no ring)
MPRegen  0.12/turn              (no ring)

@: no status effects
A: agile 1, inhibited regeneration
a: no special abilities


You were on level 4 of the Dungeon.
You were not hungry.

You visited 1 branch of the dungeon, and saw 4 of its levels.

You collected 88 gold pieces.

Inventory:

Hand Weapons
 g - a +0 hand axe
 p - a +1 vampiric short sword
 D - a +2 dagger of venom (weapon)
Missiles
 k - 124 stones (quivered)
 v - 20 sling bullets
 C - 4 tomahawks
Armour
 a - a +0 robe (worn)
 u - a +0 cloak (worn)
 y - a +0 pair of gloves
Jewellery
 s - an uncursed ring of positive energy {unknown}
Scrolls
 h - a scroll of remove curse
 i - a scroll of immolation {unknown}
 l - a scroll of recharging
 m - a scroll of magic mapping {unknown}
 n - a scroll of fear {unknown}
 q - 5 scrolls of identify {unknown}
 t - a scroll of noise {unknown}
 B - a scroll of teleportation {unknown}
Potions
 c - a potion of invisibility {unknown}
 d - a potion of flight {unknown}
 e - a potion of degeneration {unknown}
 f - a potion of cancellation {unknown}
 j - a potion of berserk rage {unknown}
 o - a potion of mutation
 w - a potion of brilliance {unknown}
 x - a potion of agility {unknown}
 z - a potion of might
 A - a potion of ambrosia {unknown}
Books
 b - a book of Flames

   Spells                             Type                      Level
   a - Flame Tongue                   Conjuration/Fire             1
   b - Throw Flame                    Conjuration/Fire             2
   c - Conjure Flame                  Conjuration/Fire             3
   d - Inner Flame                    Hexes/Fire                   3
   e - Sticky Flame                   Conjuration/Fire             4
   f - Fireball                       Conjuration/Fire             5
Comestibles
 r - 7 chunks of flesh


   Skills:
 - Level 1.5 Dodging
 - Level 1.5 Stealth
 + Level 3.2 Spellcasting
 + Level 3.8 Conjurations
 + Level 5.4 Fire Magic


You had 5 spell levels left.
You knew the following spells:

 Your Spells              Type           Power        Failure   Level  Hunger
a - Flame Tongue          Conj/Fire      ###..        2%          1    None
b - Throw Flame           Conj/Fire      ###...       3%          2    ##.....
c - Conjure Flame         Conj/Fire      ###.....     8%          3    ###....


Dungeon Overview and Level Annotations

Branches:
Dungeon (4/15)
 Temple: D:4-7

Altars:
Nemelex Xobeh

Annotations:
D:3 Sigmund; removed's ghost, amateur DgVM


Innate Abilities, Weirdness & Mutations

You are agile. (Dex +2)
You do not regenerate when monsters are visible.


Message History

The stone hits the ogre but does no damage.
The ogre is severely wounded.
The ogre barely misses you.
A gnoll comes into view.
You hit the ogre.
The ogre is poisoned.
The ogre is severely wounded.
A gnoll comes into view. It is wielding a halberd.
You barely miss the ogre.
The ogre is severely wounded.
The ogre closely misses you.
As you read the scroll labeled EGIACANK JIOT, it crumbles to dust.
It is a scroll of recharging.
You aren't carrying any rechargeable items.
The ogre hits you with a giant club!
The gnoll hits you from afar with a halberd!
* * * LOW HITPOINT WARNING * * *
As you read the scroll labeled MICO WUS GONN, it crumbles to dust.
You feel blessed for a moment.
It was a scroll of remove curse.
The ogre hits you with a giant club!
You die...

#.........#
###..# #.
#.######..# #..#
#. ##.# #..# #.
##########..# #.
###....##..# #.
###......##..# .
##........##..#
##.....######..#
##....###
#@Og..# ##...###
###g..# ###...##
#.......
###....##
#..#####
#.....## #..#
.....## #.O#
...### ...# .###
##.# #########


You could see an ogre and 2 gnolls.

Vanquished Creatures
  An ogre (D:4)
  A bullfrog (D:4)
  A howler monkey (D:4)
  A hound (D:4)
  Natasha (D:3)
  5 adders (D:2)
  2 oozes (D:2)
  2 worms (D:2)
  2 dart slugs (D:1)
  3 leopard geckos
  5 orcs (D:4)
  2 giant cockroaches
  6 hobgoblins
  4 jackals (D:1)
  2 quokkas
  A ball python (D:3)
  6 bats
  2 frilled lizards
  10 goblins
  7 kobolds
  17 rats
81 creatures vanquished.

Notes
Turn   | Place    | Note
-------+----------+-------------------------------------------
     0 | D:1      | tilp the Hill Orc Fire Elementalist began the quest for the Orb.
     0 | D:1      | Reached XP level 1. HP: 14/14 MP: 3/3
   218 | D:1      | Reached XP level 2. HP: 15/20 MP: 4/4
   233 | D:1      | Learned a level 2 spell: Throw Flame
   954 | D:1      | Reached XP level 3. HP: 26/26 MP: 5/5
  1793 | D:2      | Reached skill level 4 in Fire Magic
  1821 | D:2      | Learned a level 3 spell: Conjure Flame
  1899 | D:2      | Reached XP level 4. HP: 33/33 MP: 2/7
  2278 | D:2      | Gained mutation: You do not regenerate when monsters are visible. [potion of mutation]
  2278 | D:2      | Gained mutation: You are agile. (Dex +2) [potion of mutation]
  2542 | D:2      | Reached XP level 5. HP: 30/38 MP: 6/8
  2784 | D:3      | Noticed Sigmund
  3054 | D:3      | Noticed Natasha
  3066 | D:3      | Killed Natasha
  3135 | D:3      | Found a sparkling altar of Nemelex Xobeh.
  3137 | D:3      | Noticed removed's ghost (amateur DgVM)
  4053 | D:4      | Reached XP level 6. HP: 40/45 MP: 10/10
  4062 | D:4      | Reached skill level 5 in Fire Magic
  4461 | D:4      | Mangled by an ogre

Vault maps used:
D:1:      erik_arrival_orb_chamber
D:2:      minmay_joined_circles
D:3:      nemelex_xobeh_ov_fountains_minmay, first_bread, uniq_natasha,
          uniq_sigmund
D:4:      serial_curves, eino_curves_01, eino_curves_03, uniq_blork_the_orc

Skill      XL: |  1  2  3  4  5  6 |
---------------+-------------------+-----
Conjurations   | 2 3 |  3.8
Spellcasting   | 2 3 |  3.2
Fire Magic     | 4 5 |  5.4
Dodging        | |  1.5
Stealth        | |  1.5

Action                   |  1- 3 |  4- 6 || total
-------------------------+-------+-------++-------
Melee: Hand axe          |    97 |       ||    97
       Club              |     8 |       ||     8
       Unarmed           |     1 |       ||     1
       Dagger            |       |    99 ||    99
Throw: Stone             |       |     7 ||     7
 Cast: Flame Tongue      |    34 |    41 ||    75
       Throw Flame       |     4 |     3 ||     7
       Conjure Flame     |       |     1 ||     1
  Use: Potion            |       |     4 ||     4
       Scroll            |       |     2 ||     2
 Stab: Sleeping          |     2 |     1 ||     3
       Distracted        |       |     1 ||     1
  Eat: Chunk             |     4 |     4 ||     8
       Bread ration      |       |     1 ||     1
Armor: Robe              |    30 |    16 ||    46
       Skin              |       |     1 ||     1
Dodge: Dodged            |    79 |    61 ||   140

Table legend:
 A = Spawn XP
 B = Non-spawn XP
 C = Spawn XP percentage of total XP
 D = Spawn monster count
 E = Non-spawn monster count
 F = Spawn count percentage of total count
 G = Total turns spent on level
                    A         B        C        D         E        F      G
               +---------+---------+-------+---------+---------+-------+---------
         Total |       0 |     554 |   0.0 |       0 |      81 |   0.0 |  4461
               +---------+---------+-------+---------+---------+-------+---------
           D:1 |       0 |      58 |   0.0 |       0 |      38 |   0.0 |  1686
           D:2 |       0 |     121 |   0.0 |       0 |      27 |   0.0 |  1455
           D:3 |       0 |      42 |   0.0 |       0 |       5 |   0.0 |   644
           D:4 |       0 |     333 |   0.0 |       0 |      11 |   0.0 |   676
               +---------+---------+-------+---------+---------+-------+---------
